Map: King Sejong Station LE

Players

RussellX

  • Race: Zerg Zerg
  • League: Diamond

Naattt - Winner!

  • Race: Protoss Protoss
  • League: Master

VOD

Have the link to the VOD?

Description

Time

  • Played on: Oct. 19, 2016, 1:22 p.m.
  • Length: 7:50
Show
View Real Time Build Order
Export as new Build Order

RussellX Zerg 

Build Orders: Hatch First 

Get SALT Encoding   

  12  0:01  Drone  
  13  0:12  Overlord  
  13  0:17  Drone  
  14  0:30  Drone x2  
  14  0:34  Drone  
  17  0:54  Unknown, Hatchery  
  17  0:55  Drone  
  17  0:58  Drone  
  18  1:13  Spawning Pool  
  17  1:20  Extractor  
  17  1:21  Drone  
  17  1:22  Drone  
  18  1:27  Drone  
  19  1:38  Overlord  
  19  1:59  Queen  
  19  2:00  Zergling x2  
  19  2:01  Zergling x2  
  23  2:05  Queen, Unknown  
  23  2:06  Zergling x2  
  26  2:10  Drone  
  27  2:18  Drone  
  27  2:21  Metabolic Boost  
  28  2:31  Evolution Chamber, Overlord, Drone  
  28  2:33  Drone  
  29  2:39  Drone  
  30  2:44  Drone  
  31  2:55  Drone x2  
  33  3:00  Zerg Melee Weapons Level 1  
  33  3:01  Drone  
  34  3:12  Drone  
  35  3:15  Unknown, Hatchery  
  34  3:21  Drone x2  
  34  3:23  Drone  
  37  3:32  Zergling x8  
  41  3:43  Extractor, Drone x3  
  41  3:45  Lair  
  43  3:49  Drone  
  44  3:56  Overlord  
  44  3:58  Overlord  
  44  4:15  Overlord  
  44  4:19  Baneling Nest, Drone x3  
  44  4:20  Drone x3  
  44  4:23  Drone  
  44  4:24  Drone x4  
  53  4:26  Unknown  
  54  4:33  Queen  
  56  4:41  Extractor, Drone x3  
  56  4:43  Zergling x4  
  60  4:53  Zergling x8  
  60  4:54  Zergling x6  
  60  4:56  Overlord  
  67  5:02  Centrifical Hooks  
  67  5:04  Drone  
  67  5:06  Extractor, Drone  
  69  5:07  Drone  
  69  5:08  Drone  
  70  5:18  Overseer  
  68  5:31  Spore Crawler  
  68  5:32  Spore Crawler  
  68  5:34  Overseer  
  66  5:35  Overseer  
  63  5:45  Pneumatized Carapace  
  60  5:50  Queen  
  60  5:51  Drone x8  
  60  5:52  Drone x6  
  60  5:54  Spore Crawler  
  75  6:01  Spore Crawler, Drone  
  75  6:02  Drone  
  75  6:03  Zergling x4  
  78  6:05  Spine Crawler, Baneling x5  
  78  6:08  Spine Crawler  
  76  6:13  Extractor  
  76  6:14  Extractor  
  74  6:21  Spire  
  74  6:25  Evolution Chamber  
  70  6:30  Zergling x4  
  70  6:31  Zergling x12  
  72  6:42  Zergling x14  
  72  6:44  Baneling  
  79  6:47  Overlord  
  79  7:01  Unknown, Hatchery  
  79  7:04  Zergling x4  
  79  7:05  Zergling x2  
  79  7:06  Overlord  
  77  7:17  Zergling x2  
  77  7:18  Zergling x16  
  80  7:23  Baneling x7  
  80  7:24  Baneling x2  
  80  7:25  Zergling x10  
Show
View Real Time Build Order
Export as new Build Order

Naattt Protoss - Winner!

Build Orders: Zealot Archon, Dark Templar Rush 

Get SALT Encoding   

  12  0:01  Probe (Chrono Boost)  
  13  0:11  Probe (Chrono Boost)  
  14  0:18  Pylon  
  14  0:23  Probe (Chrono Boost)  
  15  0:36  Probe (Chrono Boost)  
  15  0:38  Gateway  
  16  0:46  Assimilator  
  16  0:51  Probe (Chrono Boost)  
  17  1:01  Probe (Chrono Boost)  
  18  1:12  Probe (Chrono Boost)  
  19  1:23  Probe (Chrono Boost)  
  20  1:27  Cybernetics Core  
  20  1:32  Pylon  
  20  1:35  Probe (Chrono Boost)  
  21  1:45  Probe (Chrono Boost)  
  21  1:46  Assimilator  
  22  1:59  Probe (Chrono Boost)  
  23  2:07  Nexus, Unknown, Warp Gate  
  23  2:12  Adept  
  23  2:15  Probe (Chrono Boost)  
  26  2:26  Mothership Core (Chrono Boost)  
  28  2:37  Twilight Council  
  28  2:44  Probe (Chrono Boost)  
  28  2:48  Pylon  
  29  2:55  Probe (Chrono Boost)  
  31  3:05  Probe (Chrono Boost)  
  31  3:11  Gateway  
  31  3:14  Gateway  
  31  3:17  Probe (Chrono Boost)  
  31  3:18  Unknown  
  32  3:23  Robotics Facility  
  33  3:37  Dark Shrine  
  33  3:39  Probe (Chrono Boost)  
  33  3:41  Probe (Chrono Boost)  
  34  3:50  Probe (Chrono Boost)  
  34  3:52  Probe (Chrono Boost)  
  36  4:00  Probe (Chrono Boost)  
  37  4:03  Assimilator  
  37  4:05  Probe (Chrono Boost)  
  37  4:08  Assimilator  
  38  4:11  Probe (Chrono Boost)  
  38  4:12  Adept x2  
  38  4:13  Adept, Warp Prism  
  47  4:37  Probe (Chrono Boost)  
  49  4:39  Probe (Chrono Boost)  
  49  4:45  Pylon  
  49  4:46  Pylon  
  49  4:47  Probe (Chrono Boost)  
  49  4:51  Probe (Chrono Boost), Pylon  
  51  4:58  Immortal  
  55  5:23  Dark Templar x3  
  55  5:26  Probe (Chrono Boost)  
  55  5:28  Probe (Chrono Boost)  
  63  5:32  Immortal  
  63  5:36  Probe (Chrono Boost)  
  68  5:48  Probe (Chrono Boost)  
  69  5:55  Gateway  
  69  5:56  Gateway  
  69  5:59  Gateway  
  69  6:01  Gateway, Dark Templar  
  69  6:03  Archon, Gateway  
  71  6:04  Gateway  
  71  6:06  Archon, Gateway  
  71  6:10  Immortal  
  75  6:23  Pylon  
  75  6:25  Pylon  
  75  6:43  Dark Templar x2  
  79  6:53  Archon  
  79  6:55  Dark Templar  
  79  6:56  Dark Templar  
  83  7:04  Pylon  
  83  7:07  Archon  
  83  7:09  Adept x4  
  83  7:10  Adept  
  89  7:33  Adept x5, Pylon  
  89  7:34  Adept  
  89  7:36  Pylon  
  101  7:39  Pylon  
Tags
 
Add a new tag
Caveats
  • Supply blocks, unpowered buildings, or Contaminate may cause inaccurate times.
  • Supply counts are checked every 10 seconds.